 Dungeon Crawl Stone Soup version 0.21.1-1-g345015f (console) character file.

62 fly the Grave Robber (level 3, 0/28 HPs)
             Began as a Deep Dwarf Necromancer on May 15, 2018.
             Slain by an adder (2 damage)
             ... on level 2 of the Dungeon.
             The game lasted 00:01:35 (1177 turns).

fly the Grave Robber (Deep Dwarf Necromancer)       Turns: 1177, Time: 00:01:36

Health: 0/28       AC:  2    Str: 11    XL:     3   Next: 85%
Magic:  0/7        EV: 18    Int: 16    God:
Gold:   52         SH:  0    Dex: 18    Spells: 3/7 levels left

rFire    . . .     SeeInvis .   a - +0 hand axe
rCold    . . .     Gourm    .   (no shield)
rNeg     . . .     Faith    .   y - +0 robe
rPois    .         Spirit   .   (no helmet)
rElec    .         Reflect  .   (no cloak)
rCorr    .         Harm     .   (no gloves)
MR       .....                  (no boots)
Stlth    +++.......             (no amulet)
HPRegen  0.00/turn              (no ring)
MPRegen  0.10/turn              (no ring)

@: agile, lethally poisoned (0 -> 0), non-regenerating
A: damage resistance, heal wounds, sense surroundings 1, no regeneration
a: Heal Wounds


You were on level 2 of the Dungeon.
You were not hungry.

You visited 1 branch of the dungeon, and saw 2 of its levels.

You collected 52 gold pieces.

Inventory:

Hand Weapons
 a - a +0 hand axe (weapon)
Armour
 y - a +0 robe (worn)
Scrolls
 d - a scroll of teleportation {unknown}
 e - 3 scrolls of magic mapping {unknown}
 f - a scroll of enchant armour {unknown}
 h - a scroll of remove curse {unknown}
 i - a scroll of immolation {unknown}
 j - 2 scrolls of identify {unknown}
Potions
 l - a potion of haste {unknown}
Books
 b - a book of Necromancy

   Spells                             Type                      Level
   a - Pain                           Necromancy                   1
   b - Animate Skeleton               Necromancy                   1
   c - Vampiric Draining              Necromancy                   3
   d - Regeneration                   Charms/Necromancy            3
   e - Animate Dead                   Necromancy                   4
   f - Borgnjor's Vile Clutch         Necromancy/Earth             5
Comestibles
 c - 6 rations
 k - 2 chunks of flesh


   Skills:
 - Level 2.1 Dodging
 - Level 2.4 Stealth
 + Level 2.8 Spellcasting
 + Level 5.3 Necromancy


You had 3 spell levels left.
You knew the following spells:

 Your Spells              Type           Power        Failure   Level  Hunger
v - Vampiric Draining     Necr           ###.......   6%          3    ###....
z - Pain                  Necr           ###.         2%          1    #......


Dungeon Overview and Level Annotations

Branches:
Dungeon (2/15)

Altars:


Innate Abilities, Weirdness & Mutations

You are resistant to damage.
You can heal yourself by infusing magical energy.
You passively map a small area around you.
You do not regenerate.


Message History

Unknown command.
The adder bites you.
* * * LOW HITPOINT WARNING * * *
Casting: Pain
Confirm with . or Enter, or press ? or * to list all spells.
Aiming: Pain
Press: ? - help, Shift-Dir - straight line, f - adder
Aim: an adder (chance to defeat MR: 84%)
The adder barely resists.
The adder bites you.
* * * LOW HITPOINT WARNING * * *
You are poisoned.
The adder poisons you!
You hit the adder.
The adder is heavily wounded.
The adder misses you. The adder barely misses you.
Unknown command.
It was a potion of agility.
You feel agile all of a sudden. The adder bites you.
You die...

###..........##.#########.#
.............##.# #.#
#..........##.# #.# ,,
#............# #.#
#.....##..##.# ##.###
,#..##.##..##.# #....# 8
#..##.#....#.# #..#.#
##..##.#..#.#.# #..#.##
####...##.#..#.#@#### #..#..#
........#.#..#.S....# #..##.#
####+#.......#.#.##.#####..##.#
#.#....#................##.#
#.#......<#...##.####...##.#
#.#..#.........#.# #...##.#
#.#...........##.# #...##.#
####.##.#.......>##.####...##.#
........#.######.##........##.#


You could see an adder.

Vanquished Creatures
  A worker ant (D:2)
  2 adders (D:2)
  A worm (D:2)
  A dart slug (D:1)
  2 giant cockroaches (D:1)
  2 goblins (D:1)
  2 hobgoblins
  3 bats (D:1)
  A frilled lizard (D:1)
  A kobold (D:1)
  3 rats (D:1)
19 creatures vanquished.

Notes
Turn   | Place    | Note
-------+----------+-------------------------------------------
     0 | D:1      | fly the Deep Dwarf Necromancer began the quest for the Orb.
     0 | D:1      | Reached XP level 1. HP: 15/15 MP: 3/3
   423 | D:1      | Reached XP level 2. HP: 11/22 MP: 1/5
  1034 | D:2      | Reached skill level 5 in Necromancy
  1034 | D:2      | Reached XP level 3. HP: 9/28 MP: 0/6
  1039 | D:2      | Learned a level 3 spell: Vampiric Draining
  1177 | D:2      | Slain by an adder

Skill      XL: |  1  2 |
---------------+-------+-----
Spellcasting   | 2 |  2.8
Necromancy     | 5 |  5.3
Dodging        | |  2.1
Stealth        | |  2.4

Action                   || total
-------------------------++-------
Melee: Hand axe          ||     9
 Cast: Pain              ||    42
       Vampiric Draining ||     1
  Use: Potion            ||     1
  Eat: Chunk             ||     1
Armor: Robe              ||     3
Dodge: Dodged            ||    13
